 Dungeon Crawl Stone Soup version 0.30-a0-989-g0d87f670db (webtiles) character file.

Game seed: 4481932253399584414

22626 avis the Nimble (level 12, 0/127 HPs)
             Began as a Demigod Transmuter on Apr 2, 2023.
             Slain by a blink frog (1 damage)
             ... while petrified by a basilisk
             ... on level 3 of the Lair of Beasts on Apr 3, 2023.
             The game lasted 02:21:56 (16249 turns).

avis the Nimble (Demigod Transmuter)               Turns: 16249, Time: 02:21:58

Health: 0/127      AC:  9    Str: 27    XL:     12   Next: 32%
Magic:  22/23      EV:  1    Int: 14    God:
Gold:   2843       SH:  0    Dex: 30    Spells: 10/21 levels left

rFire   x . .      SeeInvis +    a - melded staff of cold "Teocruch" {rPois rC+}
rCold   + + +      Faith    .    (shield currently unavailable)
rNeg    + + +      Spirit   .    M - melded +2 troll leather armour
rPois   ∞          Reflect  .    x - melded +0 helmet
rElec   .          Rampage  .    G - melded +0 cloak "Letumyv" {rN++}
rCorr   .                        (gloves currently unavailable)
Will    .....                    m - melded +0 pair of boots
Stlth   ++                       O - amulet of Miuxeod {Will- Regen+ Str+8 Int-5 SInv}
HPRegen 1.21/turn                H - +6 ring of dexterity
MPRegen 0.18/turn                R - +6 ring of dexterity

@: ice-form, petrified, marked, studying Axes
A: freezing attack, amphibious, boosted hp, large, high MP 1, forlorn, divine
attributes
a: End Transformation


You were on level 3 of the Lair of Beasts.
You were a creature of crystalline ice.
You visited 3 branches of the dungeon, and saw 15 of its levels.
You also visited: Bailey.

You collected 2967 gold pieces.
You spent 124 gold pieces at shops.

Inventory:

Hand Weapons
 b - the +5 sling of Unbearable Expedience {elec, Str+2}
   (You found it on level 2 of the Dungeon)

   Str:       It affects your strength (+2).
Missiles
 P - a throwing net
Armour
 m - a +0 pair of boots (melded)
 x - a +0 helmet (melded)
 G - the +0 cloak "Letumyv" (melded) {rN++}
   (You found it in a bailey)

   rN:        It greatly protects you from negative energy.
 M - a +2 troll leather armour (melded)
Magical Staves
 a - the staff of cold "Teocruch" (melded) {rPois rC+}
   (You found it on level 8 of the Dungeon)

   [staff of cold]

   Base accuracy: +5 Base damage: 5 Base attack delay: 1.2 This weapon's minimum
   attack delay (0.6) is reached at skill level 12.
   rC:        It protects you from cold.
   rPois:     It protects you from poison.
   It falls into the 'Staves' category.
   It is a one-handed weapon.
Jewellery
 f - a ring of protection from fire
 H - a +6 ring of dexterity (left front paw)
 L - a ring of protection from cold
 O - the amulet of Miuxeod (around neck) {Will- Regen+ Str+8 Int-5 SInv}
   (You found it on level 8 of the Dungeon)

   [amulet of regeneration]

   Str:       It affects your strength (+8).
   Int:       It affects your intelligence (-5).
   SInv:      It lets you see invisible.
   Regen:     It increases your rate of health regeneration.
   Will:      It decreases your willpower.
 R - a +6 ring of dexterity (right front paw)
Wands
 r - a wand of light (8)
 y - a wand of charming (22)
 z - a wand of roots (15)
 E - a wand of flame (56)
Scrolls
 c - a scroll of fog
 i - 7 scrolls of blinking {unknown}
 n - 7 scrolls of teleportation {unknown}
 p - a scroll of magic mapping
 s - 2 scrolls of silence {unknown}
 t - 4 scrolls of immolation {unknown}
 C - 3 scrolls of fear {unknown}
 K - a scroll of summoning
 N - 2 scrolls of enchant weapon {unknown}
Potions
 d - 9 potions of brilliance
 e - a potion of cancellation
 g - 2 potions of berserk rage
 h - 5 potions of curing
 k - 4 potions of might
 l - 4 potions of resistance
 u - 3 potions of flight
 v - 5 potions of lignification
 B - 2 potions of heal wounds
 I - a potion of magic
 J - a potion of invisibility


   Skills:
 * Level 10.2 Fighting
 * Level 10.2 Dodging
 * Level 7.3 Unarmed Combat
 - Level 5.0 Spellcasting
 - Level 2.0 Hexes
 - Level 10.0 Transmutations
 - Level 4.0 Ice Magic
 - Level 1.0 Poison Magic


You had 10 spell levels left.
You knew the following spells:

 Your Spells              Type           Power      Damage    Failure   Level
a - Beastly Appendage     Tmut           62%        N/A       1%          1
c - Slow                  Hex            36%        N/A       8%          1
e - Wereblood             Tmut           31%        N/A       1%          2
p - Spider Form           Tmut/Pois      18%        N/A       5%          3
q - Ice Form              Ice/Tmut       23%        N/A       10%         4

Your spell library contained the following spells:

 Spells                   Type           Power      Damage    Failure   Level
 Kiss of Death            Conj/Necr      12%        2d6       17%         1
 Confusing Touch          Hex            9%         N/A       22%         3
 Vampiric Draining        Necr           3%         2d6       45%         3
 Animate Armour           Summ/Erth      6%         N/A       86%         4
 Dispel Undead            Necr           3%         3d7       86%         4
 Malign Gateway           Summ/Tloc      1%         N/A       100%        7
 Summon Horrible Things   Summ           1%         N/A       100%        8


Dungeon Overview and Level Annotations

Branches:
Dungeon (11/15)            Temple (1/1) D:4            Lair (3/5) D:11
 Shoals (0/4) Lair:2       Spider (0/4) Lair:2          Orc (0/2) D:10
 Bailey (visited)

Shops:
D:1 *   D:11 *

Annotations:
D:4 1 runed translucent door, Zonian's ghost, amateur VSGl
D:5 Gold in glass case.
D:8 4 runed translucent doors
D:10 5 runed translucent doors
Lair:3 exclusion: oklob plant


Innate Abilities, Weirdness & Mutations

You are a creature of crystalline ice.
You have a powerful freezing melee attack.
You are amphibious.
Your maximum health is increased.
You are immune to poison.
Your armour is entirely melded.
You are incapable of wielding weapons or throwing items.
You have an increased reservoir of magic. (+10% MP)
You shall have no god before yourself.
Your divine heritage dramatically boosts your attributes as you level up.


Message History

The water moccasin bites you but does no damage.
The wyvern bites you! The blink frog hits you! The blink frog hits you.
The bullfrog hits you. The wyvern bites you! The water moccasin bites you.
The blink frog hits you!
The blink frog blinks!
The blink frog hits you! The wyvern bites you! The water moccasin bites you.
The blink frog hits you.
The blink frog blinks!
The cane toad stings you! The blink frog hits you!
The blink frog blinks!
The wyvern bites you.
* * * LOW HITPOINT WARNING * * *
The water moccasin bites you!
* * * LOW HITPOINT WARNING * * *
The blink frog hits you!
* * * LOW HITPOINT WARNING * * *
The wyvern bites you.
* * * LOW HITPOINT WARNING * * *
The blink frog hits you.
The blink frog blinks!
The water moccasin bites you but does no damage.
The cane toad completely misses you.
The blink frog hits you but does no damage.
The bullfrog hits you!
* * * LOW HITPOINT WARNING * * *
The wyvern bites you!
* * * LOW HITPOINT WARNING * * *
The blink frog blinks!
The water moccasin bites you.
* * * LOW HITPOINT WARNING * * *
The blink frog hits you but does no damage.
The cane toad stings you.
The wyvern bites you but does no damage.
The bullfrog hits you.
* * * LOW HITPOINT WARNING * * *
The water moccasin bites you.
* * * LOW HITPOINT WARNING * * *
The blink frog hits you!
* * * LOW HITPOINT WARNING * * *
The blink frog blinks!
The cane toad stings you!!
* * * LOW HITPOINT WARNING * * *
The wyvern bites you.
* * * LOW HITPOINT WARNING * * *
The blink frog hits you.
You die...

.=.... .#...
...... ....#
...... #....#.#
.....P###...#...
.......#....#...
.......#...#....
.....FS#F.#.....
.....#YF.......
..../.lFF.#...P
..###.#..F# P
##.###....# ##
......# ....#.#
.F..# ......
#.....#


You could see a cane toad, 4 blink frogs, a water moccasin, a wyvern and a
bullfrog.

Vanquished Creatures
  Josephine (D:10)
  A pharaoh ant (Lair:2)
  An ugly thing (D:8)
  4 elephants (Lair:2)
  A gargoyle (Bailey)
  A torpor snail (Lair:1)
  4 cane toads
  3 rime drakes
  A kobold demonologist (D:11)
  2 komodo dragons
  5 trolls
  2 polar bears
  2 jumping spiders (Lair:2)
  5 wraiths
  A slime creature (D:8)
  A ynoxinul (D:8)
  37 yaks
  2 shadows
  2 wyverns
  2 basilisks
  A vampire (Bailey)
  A steam dragon (D:7)
  A redback (Lair:1)
  5 vampire mosquitoes
  2 acid dragons
  6 water moccasins
  Edmund (D:4)
  A sky beast (D:7)
  5 ice beasts
  5 orc warriors
  2 black bears
  An ogre (D:4)
  4 wolves
  10 centaurs
  2 phantoms
  5 bullfrogs
  A kobold brigand (D:7)
  5 scorpions
  4 jellies
  5 killer bees (D:9)
  7 vampire bats (Bailey)
  A howler monkey (D:5)
  4 hounds
  4 wolf zombies (Bailey)
  9 orc priests
  A gnoll bouda (D:8)
  5 iguanas
  5 sleepcaps
  13 orc wizards
  3 gnolls (D:4)
  10 adders
  5 shadow imps
  6 white imps
  3 ufetubi (D:4)
  2 worms
  5 dart slugs
  51 orcs
  11 endoplasms
  6 giant cockroaches
  6 goblins
  3 hobgoblins
  9 jackals
  12 kobolds
  2 quokkas
  6 ball pythons
  6 bats
  3 frilled lizards
  22 orc zombies (Bailey)
  11 rats
376 creatures vanquished.

Vanquished Creatures (others)
  A demonic plant (D:4)
  2 fungi
  8 plants
11 creatures vanquished.

Grand Total: 387 creatures vanquished

Notes
Turn   | Place    | Note
-------+----------+-------------------------------------------
     0 | D:1      | avis the Demigod Transmuter began the quest for the Orb.
     0 | D:1      | Reached XP level 1. HP: 15/15 MP: 5/5
    11 | D:1      | Reached skill level 1 in Fighting
    15 | D:1      | Found Xaegogask's General Store.
    61 | D:1      | Reached XP level 2. HP: 24/24 MP: 5/7
   442 | D:1      | Reached XP level 3. HP: 29/29 MP: 5/8
   467 | D:1      | Learned a level 2 spell: Wereblood
   471 | D:1      | Learned a level 3 spell: Spider Form
   862 | D:1      | Bought a potion of curing for 36 gold pieces
   862 | D:1      | Bought a scroll of noise for 12 gold pieces
   923 | D:2      | Reached skill level 1 in Poison Magic
  1141 | D:2      | Identified the +5 sling of Unbearable Expedience {elec,
                  | Str+2}
  1370 | D:2      | Reached XP level 4. HP: 23/37 MP: 7/9
  2663 | D:3      | Reached XP level 5. HP: 45/45 MP: 10/10
  2907 | D:4      | Noticed Edmund
  2972 | D:4      | Noticed an ogre
  3324 | D:4      | Reached XP level 6. HP: 31/51 MP: 6/11
  3659 | D:4      | Killed Edmund
  3800 | D:4      | Found a staircase to the Ecumenical Temple.
  3807 | Temple   | Entered the Ecumenical Temple
  3841 | D:4      | Reached XP level 7. HP: 59/59 MP: 13/13
  3975 | D:4      | Noticed Zonian's ghost (amateur VSGl)
  3978 | D:4      | Found a runed translucent door.
  4276 | D:1      | Bought a potion of might for 48 gold pieces
  4370 | D:4      | Learned a level 4 spell: Ice Form
  4392 | D:5      | Entered Level 5 of the Dungeon
  4516 | D:5      | Reached skill level 5 in Fighting
  4516 | D:5      | Reached skill level 5 in Dodging
  4516 | D:5      | Reached skill level 1 in Ice Magic
  4804 | D:5      | You fall into a shaft and drop 1 floor!
  4852 | D:6      | Reached XP level 8. HP: 68/68 MP: 14/14
  6625 | D:6      | Reached XP level 9. HP: 78/78 MP: 12/16
  6811 | D:6      | Identified the +2 plate armour "Konuyn" {rPois}
  6919 | D:6      | Learned a level 1 spell: Slow
  6952 | D:6      | Reached skill level 1 in Hexes
  7070 | D:7      | Found a flagged portal.
  7084 | Bailey   | Entered a bailey
  7201 | Bailey   | Noticed a gargoyle
  7235 | Bailey   | Killed a gargoyle
  7236 | Bailey   | Reached skill level 5 in Transmutations
  7438 | Bailey   | Identified the +0 cloak "Letumyv" {rN++}
  7514 | Bailey   | Found the +6 lightning scales {swift, rElec}
  8795 | D:8      | Reached XP level 10. HP: 88/88 MP: 17/17
  9101 | D:8      | Reached skill level 5 in Unarmed Combat
  9117 | D:8      | Got Sif Muna's Papyrus of Detritus
  9172 | D:8      | Identified the amulet of Miuxeod {Will- Regen+ Str+8 Int-5
                  | SInv}
  9180 | D:8      | Found a large runed translucent door.
  9180 | D:8      | Found a large runed translucent door.
  9202 | D:8      | Noticed a white ugly thing
  9225 | D:8      | Killed a white ugly thing
  9523 | D:8      | Found a large runed translucent door.
  9523 | D:8      | Found a large runed translucent door.
  9525 | D:8      | Noticed a centaur warrior
  9831 | D:8      | Identified the staff of cold "Teocruch" {rPois rC+}
 10899 | D:9      | Identified a scroll of acquirement
 10900 | D:9      | Acquired 1300 gold pieces
 11162 | D:9      | Acquired 637 gold pieces
 11421 | D:10     | Entered Level 10 of the Dungeon
 11464 | D:10     | Noticed Josephine
 11519 | D:10     | Killed Josephine
 11520 | D:10     | Reached skill level 5 in Spellcasting
 11541 | D:10     | Found the +9 staff of Olgreb {rPois∞}
 11544 | D:10     | Found a runed translucent door.
 11548 | D:10     | Noticed a black mamba
 11548 | D:10     | Noticed a black mamba
 11548 | D:10     | Noticed a black mamba
 11548 | D:10     | Noticed a wolf spider
 11548 | D:10     | Noticed a wolf spider
 11549 | D:10     | Found a runed translucent gate.
 11549 | D:10     | Found a runed translucent gate.
 11550 | D:10     | Found a runed translucent door.
 11559 | D:10     | Reached XP level 11. HP: 94/94 MP: 17/22
 11565 | D:10     | Found a runed translucent gate.
 11867 | D:10     | Found a staircase to the Orcish Mines.
 12917 | D:11     | Found a staircase to the Lair.
 13421 | D:11     | Identified the +11 mace of the Usurping Blowfly {elec,
                  | rPois}
 13508 | D:11     | Found Ukhefro's Assorted Antiques.
 13517 | D:11     | Bought a scroll labelled LACANI NOEHO for 28 gold pieces
 13713 | Lair:1   | Entered Level 1 of the Lair of Beasts
 13998 | Lair:1   | Identified the +0 ring mail of Exclusion {rF+}
 15037 | Lair:1   | Reached XP level 12. HP: 106/106 MP: 20/23
 15122 | Lair:1   | Reached skill level 10 in Fighting
 15122 | Lair:1   | Reached skill level 10 in Dodging
 15441 | Lair:2   | Found a staircase to the Shoals.
 15511 | Lair:2   | Reached skill level 10 in Transmutations
 15585 | Lair:2   | Found a hole to the Spider Nest.
 16249 | Lair:3   | HP: 3/127 [cane toad (9)]
 16249 | Lair:3   | HP: 1/127 [wyvern (2)]
 16249 | Lair:3   | Slain by a blink frog

Illustrated notes

Levels and vault maps discovered:
D:1:      lightli_arrival_statuegarden, layout_loops_cross,
          shapermc_ecumenical_altar_totnotflames, serial_shops, shop
D:2:      layout_loops_ring, basic_altar
D:3:      layout_loops_corners, mainiacjoe_overflow_concentric_impassable,
          minmay_shallow_snake_nest
D:4:      layout_gridville, temple_green, serial_demonic, serial_demonic_f,
          serial_demonic_d, serial_demonic_f, serial_demonic_a,
          serial_demonic_f, hellmonk_ghost_happy_afterlife, grunt_ministairs_8,
          uniq_edmund
D:5:      layout_gridville, marbit_many_paths,
          gammafunk_temple_overflow_elements,
          nicolae_ru_great_annihilating_truth, st_stairs_2,
          kennysheep_small_spiral, item_on_display_a
D:6:      layout_basic, serial_park_tiny_2, minmay_misc_feat_more_columns,
          nicolae_figureground_sparkle
D:7:      layout_loops_ring, enter_bailey_3
D:8:      layout_loops_ring, nzn_overflow_gifts_of_might_and_magic,
          mainiacjoe_overflow_six_doors_small,
          mainiacjoe_overflow_small_starburst, gammafunk_temple_overflow_wave,
          minmay_hollow_rounded_squares
D:9:      layout_gridville, nicolae_vehumet_radiance
D:10:     layout_gridville, zin_statuary, amcnicky_altar_gilded,
          mainiacjoe_overflow_alcove_1, tgw_kikubaaqudgha, orc_0_dummy,
          minmay_guarded_unrand_staff_of_olgreb, uniq_josephine
D:11:     layout_gridville, hellmonk_lair_entry_icy, serial_shops,
          nicolae_shop_overgrown_old_shop
Temple:   nicolae_temple_two_arcs
Lair:1:   layout_loops_ring, infiniplex_staircase_pool
Lair:2:   layout_small_grid, minmay_shoals_entry_centaurs,
          nicolae_spider_entry_lesser_pyramids
Lair:3:   dpeg_oklob_shooting_range, layout_chaotic_city, grunt_megastairs_4,
          serial_bayou_shore_b, infiniplex_staircase_pool_2

Skill      XL: |  1  2  3  4  5  6  7  8  9 10 11 12 |
---------------+-------------------------------------+-----
Fighting       | 2 3 4 5 6 7 8 9 10 | 10.2
Unarmed Combat | 3 4 5 7 |  7.3
Dodging        | 2 3 4 5 6 7 8 9 10 | 10.2
Spellcasting   | 2 3 5 |  5.0
Transmutations | 2 3 4 5 8 9 10 | 10.0
Poison Magic   | 1 |  1.0
Ice Magic      | 3 4 |  4.0
Hexes          | 1 2 |  2.0

Action                     |  1- 3 |  4- 6 |  7- 9 | 10-12 || total
---------------------------+-------+-------+-------+-------++-------
  Melee: Unarmed           |   123 |    55 |   221 |   398 ||   797
         Headbutt          |    17 |       |     1 |       ||    18
         Kick              |    32 |     2 |       |       ||    34
         Punch             |     6 |       |       |       ||     6
   Fire: Sling             |       |    90 |   216 |    45 ||   351
   Cast: Beastly Appendage |    32 |     8 |     5 |     2 ||    47
         Spider Form       |       |     6 |    22 |     7 ||    35
         Ice Form          |       |       |     6 |    44 ||    50
         Wereblood         |       |       |     6 |     2 ||     8
         Slow              |       |       |     1 |       ||     1
Ability: End Transformatio |       |       |     1 |    10 ||    11
    Use: Scroll            |       |       |    12 |    12 ||    24
         Potion            |       |       |     5 |     1 ||     6
   Stab: Sleeping          |     2 |       |       |       ||     2
 Armour: Robe              |    20 |     7 |     8 |       ||    35
         Skin              |       |     1 |    30 |    71 ||   102
         Leather armour    |       |       |    11 |     4 ||    15
         Troll leather arm |       |       |       |     1 ||     1
  Dodge: Dodged            |    58 |    71 |   320 |   566 ||  1015

Table legend: (Time is in decaauts)
 A = Elapsed time spent in this place.
 B = Non-inter-level travel time spent in this place.
 C = Inter-level travel time spent in this place.
 D = Time resting spent in this place.
 E = Time spent auto-exploring this place.
 F = Levels seen in this place.
 G = Mean time per level.
                   A        B        C        D        E       F      G
               +--------+--------+--------+--------+--------+-----+--------+
         Total |  16388 |  13840 |   2548 |   2413 |   5495 |  16 | 1024.2 |
       Dungeon |  13466 |  11199 |   2267 |   1989 |   4837 |  11 | 1224.2 |
        Temple |     69 |     61 |      8 |      0 |      0 |   1 |   69.0 |
          Lair |   2020 |   1747 |    273 |    182 |    545 |   3 |  673.3 |
        Bailey |    832 |    832 |      0 |    242 |    113 |   1 |  832.0 |
               +--------+--------+--------+--------+--------+-----+--------+

Top non-repeatable levels by time:
     D:6: 1409 daAuts
     D:4: 1356 daAuts
     D:9: 1333 daAuts
     D:3: 1329 daAuts
     D:7: 1312 daAuts
     D:8: 1306 daAuts
     D:5: 1278 daAuts
    D:11: 1178 daAuts
  Lair:1: 1043 daAuts
    D:10: 1025 daAuts
     D:2: 975 daAuts
     D:1: 962 daAuts
  Lair:2: 945 daAuts
  Bailey: 832 daAuts
  Temple: 69 daAuts
